 Dungeon Crawl Stone Soup version 0.15.2 (webtiles) character file.

162078 bullock the Conjurer (level 17, 0/116 HPs)
             Began as an Octopode Wizard on Nov 30, 2014.
             Was the Champion of Sif Muna.
             Slain by a red wasp (8 damage)
             ... on Level 5 of the Spider Nest.
             The game lasted 04:21:20 (54159 turns).

bullock the Conjurer (Octopode Wizard)             Turns: 54159, Time: 04:21:20

HP   0/116       AC 11     Str  7      XL: 17   Next: 80%
MP   1/52        EV 17     Int 30      God: Sif Muna [******]
Gold 2725        SH  5     Dex 12      Spells: 12 memorised,  2 levels left

rFire  + + +     SeeInvis +     S - +7 long sword (protect)
rCold  + + .     Clarity  .     H - +0 buckler (curse)
rNeg   + . .     rCorr    .     b - +2 hat
rPois  +         rRot     .     Z - amulet of Atuel {+Rage +Fly rPois rF+ rC+ SInv}
rElec  .         Spirit   .     u - ring of magical power
SustAb .         Warding  .     y - +5 ring of intelligence
rMut   .         Stasis   .     A - ring of protection from fire
Gourm  .                        o - ring of see invisible
MR     +....                    X - ring of magical power
                                V - ring of protection from fire
                                j - ring of positive energy
                                N - ring of poison resistance

@: lethally poisoned, very slightly contaminated, repel missiles, invisible,
somewhat resistant to hostile enchantments, quite stealthy
A: almost no armour, amphibious, 8 rings, constrict 8, thin metallic scales 1,
camouflage 1, cold resistance 1, screaming 1, shaggy fur 1, gelatinous body 1
a: Channel Energy, Forget Spell, Renounce Religion, Evoke Berserk Rage, Evoke
Flight


You were on level 5 of the Spider Nest.
You worshipped Sif Muna.
Sif Muna was exalted by your worship.
You were very hungry.

You visited 5 branches of the dungeon, and saw 33 of its levels.
You also visited: Ice Cave.

You collected 3361 gold pieces.
You spent 636 gold pieces at shops.

Inventory:

Hand weapons
 L - the +8 dagger of Fortitude {vamp, rF+}
   (You found it on level 4 of the Spider Nest)

   It inflicts no extra harm, but heals its wielder somewhat when it strikes a
   living foe.
   It protects you from fire.
 S - a +7 long sword of protection (weapon)
Armour
 b - a +2 hat (worn)
 l - a +2 shield of positive energy
 H - a cursed +0 buckler (worn)
Magical devices
 i - a wand of digging (8)
 p - a wand of draining (0)
 C - a wand of heal wounds (5)
 G - a wand of cold (1)
 K - a wand of teleportation (2)
 O - a wand of hasting (3)
 P - a wand of disintegration (0)
 Q - a wand of teleportation (2)
 W - a wand of lightning (4)
 Y - a wand of lightning (7)
Comestibles
 s - 25 fruits
 t - 9 bread rations
 z - a chunk of emperor scorpion flesh
 F - 2 meat rations
Scrolls
 a - a scroll of blinking
 c - 2 scrolls of summoning
 d - 2 scrolls of magic mapping
 e - 12 scrolls of immolation
 f - 13 scrolls of remove curse
 m - 13 scrolls of teleportation
 R - 2 scrolls of vulnerability
Jewellery
 j - a ring of positive energy (on tentacle)
 o - a ring of see invisible (on tentacle)
 u - a ring of magical power (left tentacle)
 w - an uncursed amulet of resist mutation
 y - a +5 ring of intelligence (right tentacle)
 A - a ring of protection from fire (on tentacle)
 N - a ring of poison resistance (on tentacle)
 V - a ring of protection from fire (on tentacle)
 X - a ring of magical power (on tentacle)
 Z - the amulet of Atuel (around mantle) {+Rage +Fly rPois rF+ rC+ SInv}
   (You found it on level 6 of the Lair of Beasts)

   [amulet of rage]

   It protects you from fire.
   It protects you from cold.
   It protects you from poison.
   It enhances your eyesight.
   It lets you fly.
   It lets you go berserk.
Potions
 g - 22 potions of curing
 h - 3 potions of restore abilities
 k - 2 potions of resistance {unknown}
 n - a potion of invisibility
 q - a potion of haste {unknown}
 r - 6 potions of heal wounds
 v - a potion of berserk rage {unknown}
 x - a potion of confusion {unknown}
 B - a potion of magic {unknown}
 I - 2 potions of mutation {unknown}
 M - 3 potions of flight {unknown}
 U - a potion of cancellation {unknown}
Books
 D - Sif Muna's Compendium of Burning Battle Magic
   (Sif Muna gifted it to you on level 2 of the Spider Nest)

   Spells                             Type                      Level
   Flame Tongue                       Conjuration/Fire             1
   *Conjure Flame                     Conjuration/Fire             3
   Sticky Flame                       Conjuration/Fire             4
   Fireball                           Conjuration/Fire             5
Miscellaneous
 E - a phial of floods (inert)


   Skills:
 + Level 10.6 Fighting
 + Level 10.5 Dodging
 - Level 7.1 Stealth
 + Level 6.6 Shields
 + Level 12.9 Spellcasting
 + Level 14.2 Conjurations
 - Level 10.2 Charms
 - Level 1.0 Summonings
 + Level 11.8 Necromancy
 - Level 5.0 Translocations
 + Level 10.1 Invocations


You had 2 spell levels left.
You knew the following spells:

 Your Spells              Type           Power        Failure   Level  Hunger
a - Iskenderun's Mystic   Conj           #######.     1%          4    None
b - Apportation           Tloc           #####.....   1%          1    None
c - Regeneration          Chrm/Necr      ######....   1%          3    None
d - Haste                 Chrm           ######..     10%         6    ####...
e - Bolt of Draining      Conj/Necr      #######...   1%          5    None
f - Conjure Flame         Conj/Fire      ######..     1%          3    None
q - Blink                 Tloc           N/A          1%          2    None
r - Animate Dead          Necr           N/A          1%          4    None
s - Control Teleport      Chrm/Tloc      ######....   1%          4    None
t - Mephitic Cloud        Conj/Pois/Air  #####...     1%          3    None
v - Repel Missiles        Chrm/Air       ######       1%          2    None
w - Call Imp              Summ           ####....     2%          2    None


Dungeon Overview and Level Annotations

Branches:
Dungeon (15/15)            Temple (1/1) D:5             Orc (4/4) D:11
    Elf (0/3) Orc:4          Lair (8/8) D:9          Shoals (0/5) Lair:4
 Spider (5/5) Lair:5        Slime (0/6) Lair:8       Vaults (0/5) D:13
 Depths (0/5) D:15

Altars:
Ashenzari
Cheibriados
Dithmenos
Elyvilon
Fedhas
Kikubaaqudgha
Makhleb
Nemelex Xobeh
Okawaru
Qazlal
Sif Muna
Trog
Vehumet
Xom
Yredelemnul
Zin
The Shining One
Beogh
Jiyva

Shops:
D:7 =   D:12 *}=   D:13 **   D:15 (   Orc:4 [!:=

Portals:
Trove: D:14 (give 16 potions of curing)


Innate Abilities, Weirdness & Mutations

You cannot wear most types of armour.
You are amphibious.
You can wear up to eight rings at the same time.
You can use your tentacles to constrict many enemies at once.
Your skin changes colour to match your surroundings (Stealth).
Your rubbery body absorbs attacks (AC +1).
You are partially covered in thin metallic scales (AC +2).
Your flesh is cold resistant.
You occasionally shout uncontrollably at your foes.
You are covered in fur (AC +1).


Message History

The wolf spider is moderately wounded.
You feel sick.
The wolf spider hits you but does no damage.
You block the wolf spider's attack. The red wasp misses you.
The wolf spider hits you. The wolf spider bites you!
* * * LOW HITPOINT WARNING * * *
Evoke which item? (* to show all) (? for menu, Esc to quit)
Okay, then.
Drink which item? (? for menu, Esc to quit)
Okay, then.
Press: ? - help, v - describe, . - travel
Here: a red wasp (severely wounded, lightly drained)
The floor.
Unknown command.
Drink which item? (? for menu, Esc to quit)
You fade into invisibility!
You feel sick. The red wasp closely misses you. The wolf spider hits you!!
* * * LOW HITPOINT WARNING * * *
The wolf spider closely misses you. The red wasp stings you!
You die...

..............................##
...........^^[................#
^..#.......#..................#
####....#..................^###
#
##........................#.###
#..........^%....^...#^...<.^##
##...##........./............##
##.........Ey.........^....##
#........#.s@(.....^.<..###
#.......................#
##.^....................##
##......^.^.#........^..^#
#..........###..^....#^.##
##..........###....^...#####
####....^...##...#........##
###^##...##...^.....#^..#
#########............##


You could see a wolf spider, a red wasp and a friendly water elemental.

Vanquished Creatures
  Donald (Orc:3)
  A ghost moth (Spider:5)
  Aizul (Spider:1)
  3 emperor scorpions
  2 blizzard demons (IceCv)
  2 vault guards (D:14)
  13 hydras
  6 centaur warriors
  An ogre mage (D:13)
  5 orc high priests
  Urug (D:10)
  A sun demon (Lair:8)
  A fire crab (shapeshifter) (D:15)
  A catoblepas (Lair:5)
  4 deep elf knights (D:12)
  20 orb spiders
  2 unseen horrors
  10 hill giants
  A deep elf summoner (D:12)
  4 ice devils (IceCv)
  2 ice statues (IceCv)
  Pikel (D:4)
  A wizard (Lair:8)
  2 orc knights
  4 cyclopes
  A giant orange brain (D:15)
  A red wasp (shapeshifter) (D:14)
  An orc sorcerer (Orc:4)
  A mana viper (shapeshifter) (D:15)
  A necromancer (D:14)
  A manticore (D:11)
  2 griffons
  23 wolf spiders
  2 moths of wrath
  26 ugly things
  3 red wasps
  5 black mambas
  Maurice (Orc:1)
  7 elephants
  5 gargoyles
  10 spiny frogs
  2 feature mimics
  2 torpor snails
  A human zombie (Orc:3)
  A queen bee (D:12)
  5 demonic crawlers
  11 komodo dragons
  4 fire drakes
  2 kobold demonologists (D:14)
  A hydra zombie (D:14)
  2 freezing wraiths (D:14)
  4 golden dragon simulacra (IceCv)
  8 trolls
  4 blue devils
  26 jumping spiders
  A trapdoor spider zombie (D:12)
  11 slime creatures
  2 boulder beetles
  A hydra skeleton (D:14)
  2 two-headed ogres (D:13)
  36 redbacks
  A trapdoor spider (shapeshifter) (D:15)
  A shadow (D:10)
  A spriggan (Lair:4)
  A basilisk (Lair:4)
  12 trapdoor spiders
  28 yaks
  An elf zombie (D:12)
  Eustachio (D:5)
  2 wyverns
  4 wraiths
  4 deep elf magi
  2 hungry ghosts
  Grum (Orc:1)
  23 tarantellas
  6 vampire mosquitoes
  A harpy simulacrum (IceCv)
  A hill giant skeleton (D:12)
  9 hippogriffs
  A dire elephant simulacrum (IceCv)
  11 deep elf fighters (D:12)
  6 wargs
  9 wolves
  A mottled dragon (D:14)
  4 iron troll simulacra (IceCv)
  13 water moccasins
  3 black bears
  3 slaves
  7 porcupines
  24 spiders
  5 phantoms
  4 yellow wasps
  27 orc warriors
  8 centaurs
  7 sky beasts
  4 necrophages
  14 ice beasts
  16 crocodiles
  19 ogres
  Sigmund (D:5)
  Duvessa (D:6)
  A big kobold (shapeshifter) (D:15)
  5 big kobolds
  Blork the orc (D:4)
  21 giant frogs
  A yaktaur skeleton (D:14)
  A spider zombie (Spider:4)
  A troll zombie (D:11)
  6 scorpions
  A tengu zombie (D:15)
  18 killer bees
  4 electric eels
  5 wights
  Dowan (D:6)
  A goliath beetle (D:6)
  A giant frog zombie (D:10)
  6 jellies
  2 centaur zombies
  13 hounds
  8 crimson imps
  A cyclops simulacrum (D:14)
  49 orc wizards
  2 elf skeletons
  A spectral orc (D:15)
  9 iguanas
  46 orc priests
  An orange rat (D:12)
  3 quasits
  11 worker ants
  22 sheep
  Ijyb (D:5)
  2 ogre zombies
  A hound zombie (D:6)
  30 adders
  A gnoll (Orc:4)
  14 green rats
  3 orc zombies
  An orc skeleton (D:8)
  2 giant mites
  5 shadow imps
  7 worms
  8 giant geckos
  4 oozes
  158 orcs
  3 ball pythons
  A bat zombie (D:5)
  5 giant cockroaches
  13 goblins
  17 hobgoblins
  9 jackals
  25 kobolds
  7 quokkas
  11 bats
  17 giant newts
  A giant newt skeleton (D:5)
  2 giant spores
  A jackal skeleton (D:4)
  A kobold zombie (D:7)
  7 rats
  A rat zombie (D:5)
  2 ballistomycetes (D:11)
  A bush (D:1)
  6 plants
1202 creatures vanquished.

Vanquished Creatures (collateral kills)
  Frances (Spider:1)
  An emperor scorpion (Spider:3)
  Nergalle (D:15)
  3 orb spiders
  6 wolf spiders
  A wolf spider zombie (Spider:2)
  A red wasp (Spider:2)
  A griffon (Lair:5)
  2 elephants (Lair:8)
  A sixfirhy (Lair:8)
  A smoke demon (Lair:8)
  2 spiny frogs
  A komodo dragon (Lair:6)
  6 demonic crawlers
  A blue devil (Lair:8)
  A polar bear (Lair:4)
  A tarantella zombie (Spider:5)
  4 redbacks
  2 yaks
  A deep elf mage (D:12)
  4 tarantellas
  8 trapdoor spiders
  4 hippogriffs
  A hungry ghost (D:12)
  A mottled dragon (D:12)
  A warg (Orc:4)
  2 porcupines
  2 orc warriors
  5 water moccasins
  A phantom (D:12)
  5 spiders
  4 ice beasts (Lair:5)
  An ogre (Orc:4)
  A centaur (Lair:4)
  2 crocodiles
  2 giant frogs
  A scorpion (Spider:2)
  3 wights (D:14)
  9 killer bees (D:12)
  2 electric eels (Spider:1)
  A hound (Lair:3)
  A quasit (D:12)
  3 crimson imps
  An orc wizard (Orc:4)
  4 sheep (Lair:7)
  A crocodile zombie (D:12)
  An adder (Lair:6)
  10 green rats
  20 orcs
  3 hobgoblins
  A quokka (Lair:2)
  2 goblins
  A kobold (D:15)
  3 plants
149 creatures vanquished.

Vanquished Creatures (others)
  4 wolf spider zombies
  3 hydra zombies
  A demonic crawler zombie (Spider:5)
  4 redback zombies
  2 red wasp zombies (Spider:5)
  6 trapdoor spider zombies
  8 tarantella zombies
  11 jumping spider zombies
  4 orb spider zombies
  4 elephant zombies
  A vampire mosquito zombie (D:15)
  A komodo dragon zombie (Lair:8)
  2 water moccasin zombies
  6 spider zombies
  A warg zombie (Orc:3)
  3 yak zombies (Lair:8)
  A boulder beetle zombie (Spider:4)
  A queen bee zombie (D:12)
  3 hippogriff zombies
  A troll zombie (D:12)
  4 crimson imps
  6 centaur zombies
  2 elf zombies (D:12)
  3 giant frog zombies
  A porcupine zombie (Lair:3)
  2 crocodile zombies (Lair:8)
  11 killer bee zombies (D:12)
  3 ogre zombies
  A worker ant zombie (D:14)
  An orc skeleton (Orc:3)
  2 white imps
  3 adder zombies
  A sheep skeleton (Lair:8)
  7 sheep zombies
  An adder skeleton (Lair:8)
  3 electric eel zombies
  3 green rat zombies (Lair:4)
  A giant spore (D:14)
  4 goblin zombies
  2 hobgoblin skeletons
  2 hobgoblin zombies (Orc:4)
  2 kobold zombies
  66 orc zombies
  A quokka zombie (Lair:2)
  A bush (Lair:4)
  10 fungi (Lair:8)
  4 plants (Lair:8)
214 creatures vanquished.

Grand Total: 1565 creatures vanquished

Notes
Turn   | Place    | Note
--------------------------------------------------------------
     0 | D:1      | bullock, the Octopode Wizard, began the quest for the Orb.
     0 | D:1      | Reached XP level 1. HP: 11/11 MP: 4/4
   453 | D:1      | Reached XP level 2. HP: 7/17 MP: 1/6
  1163 | D:1      | Learned a level 2 spell: Blink
  1166 | D:1      | Learned a level 2 spell: Repel Missiles
  1949 | D:2      | Reached XP level 3. HP: 21/21 MP: 2/8
  1954 | D:2      | Learned a level 3 spell: Conjure Flame
  2206 | D:2      | Reached XP level 4. HP: 27/27 MP: 0/9
  3062 | D:3      | Reached skill level 4 in Stealth
  3118 | D:3      | Reached XP level 5. HP: 31/31 MP: 2/11
  3485 | D:3      | Reached XP level 6. HP: 29/36 MP: 0/13
  4513 | D:4      | Learned a level 3 spell: Mephitic Cloud
  4531 | D:4      | Noticed Blork the orc
  4548 | D:4      | Killed Blork the orc
  4548 | D:4      | Reached skill level 5 in Stealth
  4799 | D:4      | Noticed Pikel
  5685 | D:4      | Reached skill level 5 in Conjurations
  5685 | D:4      | Reached XP level 7. HP: 41/41 MP: 4/17
  6977 | D:5      | Entered Level 5 of the Dungeon
  6984 | D:5      | Reached skill level 6 in Stealth
  7138 | D:4      | Killed Pikel
  7138 | D:4      | Reached skill level 7 in Stealth
  7138 | D:4      | Reached skill level 5 in Spellcasting
  7138 | D:4      | Reached XP level 8. HP: 29/46 MP: 19/20
  7326 | D:5      | Noticed Ijyb
  7337 | D:5      | Killed Ijyb
  7698 | D:5      | Noticed Sigmund
  7763 | D:5      | Found a staircase to the Ecumenical Temple.
  7773 | Temple   | Entered the Ecumenical Temple
  7893 | Temple   | Became a worshipper of Sif Muna the Loreminder
  8237 | D:5      | Noticed Eustachio
  8257 | D:5      | Killed Eustachio
  8561 | D:5      | Killed Sigmund
  8692 | D:5      | Acquired Sif Muna's first power
  9071 | D:6      | Reached XP level 9. HP: 27/51 MP: 18/22
  9369 | D:6      | Noticed Dowan
  9370 | D:6      | Noticed Duvessa
  9377 | D:6      | Killed Duvessa
  9382 | D:6      | Killed Dowan
  9742 | D:6      | Reached skill level 5 in Translocations
  9751 | D:6      | Learned a level 2 spell: Call Imp
 10119 | D:6      | Found a sparkling altar of Nemelex Xobeh.
 10285 | D:6      | Reached skill level 1 in Fighting
 10982 | D:7      | Reached skill level 8 in Conjurations
 11000 | D:7      | Acquired Sif Muna's second power
 11341 | D:7      | Found Atelaer's Jewellery Shop.
 11344 | D:7      | Bought an uncursed ring of poison resistance for 200 gold pieces
 12180 | D:8      | Got a glittering pewter amulet
 12182 | D:8      | Found a white marble altar of Elyvilon.
 12393 | D:8      | Found a shattered altar of Ashenzari.
 12406 | D:8      | Reached XP level 10. HP: 48/63 MP: 24/24
 12512 | D:8      | Found a bloodstained altar of Trog.
 12513 | D:8      | Found a stormy altar of Qazlal.
 12514 | D:8      | Found a radiant altar of Vehumet.
 13436 | D:9      | Found a staircase to the Lair.
 13738 | D:9      | Reached skill level 5 in Dodging
 13738 | D:9      | Reached skill level 9 in Conjurations
 13877 | D:9      | Identified the Compendium of Combat Magic
 13899 | D:9      | Learned a level 5 spell: Bolt of Draining
 13905 | D:9      | Learned a level 4 spell: Iskenderun's Mystic Blast
 13973 | D:9      | Reached skill level 1 in Necromancy
 14561 | D:10     | Entered Level 10 of the Dungeon
 14566 | D:10     | Identified Sif Muna's Reference Book on the Glacier
 14874 | D:10     | Noticed a hill giant
 14885 | D:10     | Killed a hill giant
 14885 | D:10     | Acquired Sif Muna's third power
 15103 | D:10     | Reached skill level 5 in Necromancy
 15103 | D:10     | Reached XP level 11. HP: 69/69 MP: 16/27
 15280 | D:10     | Noticed a hill giant
 15291 | D:10     | Killed a hill giant
 15336 | D:10     | Noticed Urug
 15339 | D:10     | Noticed a hill giant
 15356 | D:10     | Killed a hill giant
 15358 | D:10     | Killed Urug
 15578 | D:10     | Noticed a hill giant
 15586 | D:10     | Killed a hill giant
 15586 | D:10     | Reached skill level 10 in Conjurations
 16246 | D:11     | Found a labyrinth entrance.
 16246 | D:11     | Found a staircase to the Orcish Mines.
 16254 | D:11     | Noticed a hill giant
 16260 | D:11     | Killed a hill giant
 16849 | D:11     | Learned a level 1 spell: Apportation
 17086 | D:11     | Identified the amulet "Phejug" {Clar Slay+2} (You found it on level 8 of the Dungeon)
 17352 | D:11     | Received a gift from Sif Muna
 17356 | D:11     | Identified Iskenderun's Catalogue of Attacks (Sif Muna gifted it to you on level 11 of the Dungeon)
 17985 | Lair:1   | Entered Level 1 of the Lair of Beasts
 17992 | Lair:1   | Reached XP level 12. HP: 74/74 MP: 29/29
 18306 | Lair:1   | Reached skill level 11 in Conjurations
 18796 | Lair:1   | Learned a level 4 spell: Animate Dead
 18964 | Lair:1   | Reached skill level 10 in Spellcasting
 19879 | Lair:2   | Reached skill level 1 in Charms
 19879 | Lair:2   | Reached skill level 1 in Invocations
 20243 | Lair:2   | Learned a level 3 spell: Regeneration
 21447 | Lair:3   | Noticed a six-headed hydra
 21452 | Lair:3   | Killed a six-headed hydra
 21560 | Lair:3   | Reached skill level 5 in Fighting
 21855 | Lair:4   | Received a gift from Sif Muna
 21996 | Lair:4   | Found a staircase to the Shoals.
 22187 | Lair:4   | Reached XP level 13. HP: 70/81 MP: 31/31
 22481 | Lair:4   | Reached skill level 5 in Charms
 23011 | Lair:5   | Found a hole to the Spider Nest.
 24273 | Lair:6   | Reached skill level 12 in Conjurations
 24441 | Lair:6   | Got a warped brass amulet
 24442 | Lair:6   | Identified the amulet of Atuel {+Rage +Fly rPois rF+ rC+ SInv} (You found it on level 6 of the Lair of Beasts)
 26339 | Lair:8   | Entered Level 8 of the Lair of Beasts
 26512 | Lair:8   | Received a gift from Sif Muna
 26512 | Lair:8   | Reached skill level 5 in Invocations
 26515 | Lair:8   | Identified Sif Muna's Incunabulum of Enhancements (Sif Muna gifted it to you on level 8 of the Lair of Beasts)
 27211 | Lair:8   | Reached XP level 14. HP: 73/90 MP: 9/32
 27561 | Lair:8   | Found a staircase to the Slime Pits.
 27563 | Lair:8   | Found a viscous altar of Jiyva.
 27623 | Lair:8   | Noticed a Brimstone Fiend
 27915 | Lair:8   | Found a burning altar of Makhleb.
 27971 | Lair:8   | Learned a level 4 spell: Control Teleport
 29586 | D:12     | Found Qoapimp's Jewellery Shop.
 29776 | D:12     | Found Kammoa's Gadget Emporium.
 29914 | D:12     | Noticed a deep elf knight
 29916 | D:12     | Killed a deep elf knight
 30028 | D:12     | Found Salungal's General Store.
 31068 | D:12     | Noticed a deep elf knight
 31069 | D:12     | Killed a deep elf knight
 31103 | D:12     | Noticed a deep elf knight
 31108 | D:12     | Noticed a deep elf knight
 31112 | D:12     | Killed a deep elf knight
 31141 | D:12     | Killed a deep elf knight
 31451 | D:12     | Noticed a deep elf summoner
 31454 | D:12     | Killed a deep elf summoner
 31479 | D:12     | Got a shimmering long sword
 31480 | D:12     | Identified the +0 long sword "Efulimut" {pain, rF+ rC-} (You found it on level 12 of the Dungeon)
 31589 | D:13     | Found Ciego's Assorted Antiques.
 31599 | D:13     | Bought 2 black potions for 61 gold pieces
 31658 | D:13     | Found a gate to the Vaults.
 31677 | D:13     | Received a gift from Sif Muna
 31678 | D:13     | Identified Sif Muna's Almanac of the Sinister Voyage (Sif Muna gifted it to you on level 13 of the Dungeon)
 31881 | D:13     | Got a pitted trident
 31882 | D:13     | Identified the +5 trident "Honepniq" {flame, Str-2 SInv} (You found it on level 13 of the Dungeon)
 32167 | D:13     | Found a stormy altar of Qazlal.
 32387 | D:13     | Found Throhoguci's General Store.
 32393 | D:13     | Bought a potion of curing for 22 gold pieces
 32393 | D:13     | Bought a potion of curing for 22 gold pieces
 32525 | D:13     | You fall through a shaft for 2 floors!
 32525 | D:15     | Entered Level 15 of the Dungeon
 32608 | D:15     | Noticed Nergalle
 32620 | D:15     | Paralysed by Nergalle for 2 turns
 32631 | D:15     | Killed Nergalle
 32631 | D:15     | Reached XP level 15. HP: 91/99 MP: 10/34
 32796 | D:15     | Gained mutation: Space occasionally distorts in your vicinity. [mutagenic meat]
 32798 | D:15     | Gained mutation: You possess an exceptional clarity of mind. [mutagenic meat]
 32799 | D:15     | Gained mutation: You are partially covered in thin metallic scales (AC +2). [mutagenic meat]
 32800 | D:15     | Gained mutation: You are dopey. (Int -2) [mutagenic meat]
 33443 | D:14     | Gained mutation: You are resistant to hostile enchantments. [mutagenic meat]
 33445 | D:14     | Gained mutation: You have a pair of small antennae on your head. [mutagenic meat]
 33785 | D:14     | Reached skill level 10 in Necromancy
 34661 | D:14     | the was a mimic.
 34748 | D:14     | Reached skill level 13 in Conjurations
 34748 | D:14     | Reached skill level 10 in Charms
 34843 | D:14     | Found a portal to a secret trove of treasure.
 35090 | D:10     | Gained mutation: One of your tentacles bears a spike. [mutagenic meat]
 35614 | D:14     | Gained mutation: You are clumsy. (Dex -2) [mutagenic meat]
 35615 | D:14     | Gained mutation: You are very dopey. (Int -4) [mutagenic meat]
 35616 | D:14     | Lost mutation: You possess an exceptional clarity of mind. [mutagenic meat]
 35617 | D:14     | Lost mutation: You are resistant to hostile enchantments. [potion of cure mutation]
 35617 | D:14     | Lost mutation: One of your tentacles bears a spike. [potion of cure mutation]
 35617 | D:14     | Lost mutation: You are very dopey. (Int -4) [potion of cure mutation]
 35618 | D:14     | Lost mutation: You are clumsy. (Dex -2) [potion of cure mutation]
 35618 | D:14     | Lost mutation: You are dopey. (Int -2) [potion of cure mutation]
 35618 | D:14     | Lost mutation: Space occasionally distorts in your vicinity. [potion of cure mutation]
 35618 | D:14     | Lost mutation: You have a pair of small antennae on your head. [potion of cure mutation]
 35805 | D:14     | You fall through a shaft!
 37173 | D:15     | Found Ariluobat's Antique Weapon Boutique.
 37242 | D:15     | Received a gift from Sif Muna
 37243 | D:15     | Identified Sif Muna's Almanac of the Compass and Snow (Sif Muna gifted it to you on level 15 of the Dungeon)
 37981 | D:15     | Gained mutation: Your flesh is cold resistant. [mutagenic meat]
 38002 | D:15     | Found a staircase to the Depths.
 38248 | D:12     | Reached XP level 16. HP: 107/107 MP: 33/35
 38445 | Lair:2   | Learned a level 6 spell: Haste
 38578 | Orc:1    | Entered Level 1 of the Orcish Mines
 39610 | Orc:2    | Reached skill level 1 in Shields
 39833 | Orc:2    | Found a roughly hewn altar of Beogh.
 40706 | Orc:3    | Noticed Donald
 40714 | Orc:3    | Killed Donald
 41545 | Orc:4    | Entered Level 4 of the Orcish Mines
 42255 | Orc:4    | Found a staircase to the Elven Halls.
 42407 | Orc:4    | Found Ukadaam's Antique Armour Boutique.
 42407 | Orc:4    | Found Kigidaif's Jewellery Shop.
 42407 | Orc:4    | Found Bimoa's Distillery.
 42553 | Orc:4    | Found Vujeud's Book Shop.
 42944 | Orc:4    | Bought a potion of restore abilities for 48 gold pieces
 42944 | Orc:4    | Bought a potion of curing for 32 gold pieces
 42944 | Orc:4    | Bought a potion of curing for 32 gold pieces
 42944 | Orc:4    | Bought a potion of curing for 32 gold pieces
 42944 | Orc:4    | Bought a potion of restore abilities for 48 gold pieces
 42946 | Orc:4    | Bought a shiny shield for 139 gold pieces
 43421 | Orc:1    | Noticed Maurice
 43429 | Orc:1    | Killed Maurice
 43621 | Orc:1    | Noticed Grum
 43634 | Orc:1    | Killed Grum
 44099 | Spider:1 | Entered Level 1 of the Spider Nest
 44492 | Spider:1 | Noticed Aizul
 44507 | Spider:1 | Killed Aizul
 45723 | Spider:1 | Noticed Frances
 45730 | Spider:1 | Killed Frances
 46801 | Spider:2 | Found a frozen archway.
 46874 | IceCv    | Entered an ice cave
 47832 | IceCv    | Reached skill level 5 in Shields
 48325 | IceCv    | Reached skill level 10 in Dodging
 48325 | IceCv    | Reached XP level 17. HP: 114/114 MP: 11/36
 48790 | Spider:2 | Received a gift from Sif Muna
 48791 | Spider:2 | Identified Sif Muna's Compendium of Burning Battle Magic (Sif Muna gifted it to you on level 2 of the Spider Nest)
 49455 | Spider:3 | Reached skill level 10 in Fighting
 50254 | Spider:3 | Reached skill level 14 in Conjurations
 51655 | Spider:4 | Got a warped dagger
 51656 | Spider:4 | Identified the +8 dagger of Fortitude {vamp, rF+} (You found it on level 4 of the Spider Nest)
 52242 | Spider:5 | Entered Level 5 of the Spider Nest
 53148 | Spider:5 | Reached skill level 10 in Invocations
 53551 | Spider:5 | Gained mutation: You are covered in fur (AC +1). [mutagenic meat]
 53561 | Spider:5 | Gained mutation: You occasionally shout uncontrollably at your foes. [mutagenic meat]
 54159 | Spider:5 | Slain by a red wasp

Action                   |  1- 3 |  4- 6 |  7- 9 | 10-12 | 13-15 | 16-18 || total
-------------------------+-------+-------+-------+-------+-------+-------++-------
Melee: Unarmed           |     1 |       |    23 |       |       |       ||    24
       Whip              |   256 |     2 |    66 |    33 |       |       ||   357
       Flail             |       |    16 |     5 |       |       |       ||    21
       Long sword        |       |       |       |    59 |   241 |   162 ||   462
 Cast: Magic Dart        |    73 |   201 |   387 |   164 |     1 |       ||   826
       Repel Missiles    |     1 |       |     1 |     2 |     4 |     1 ||     9
       Conjure Flame     |       |    17 |    16 |    20 |    11 |    23 ||    87
       Blink             |       |    13 |    15 |    21 |    35 |    65 ||   149
       Mephitic Cloud    |       |     2 |    18 |    14 |    10 |     1 ||    45
       Iskenderun's Myst |       |       |       |   239 |   200 |   218 ||   657
       Bolt of Draining  |       |       |       |    48 |   334 |   357 ||   739
       Animate Dead      |       |       |       |    13 |    66 |    77 ||   156
       Call Imp          |       |       |       |     1 |     6 |       ||     7
       Regeneration      |       |       |       |       |     2 |       ||     2
       Haste             |       |       |       |       |       |     5 ||     5
Invok: Channel Energy    |       |       |       |    20 |    47 |    53 ||   120
Evoke: Wand              |       |       |     3 |     8 |    21 |     8 ||    40
       Phial of floods   |       |       |       |       |       |     1 ||     1
  Use: Scroll            |       |       |     2 |    17 |    16 |    11 ||    46
       Potion            |       |       |       |     1 |     2 |     5 ||     8
 Stab: Sleeping          |     1 |       |     2 |     2 |    12 |     4 ||    21
       Confused          |       |       |     2 |       |       |       ||     2
       Distracted        |       |       |       |       |     3 |       ||     3
  Eat: Royal jelly       |     1 |       |       |       |       |     1 ||     2
       Bread ration      |     1 |       |       |       |     2 |     1 ||     4
       Chunk             |       |     9 |    16 |    37 |    67 |    41 ||   170
       Beef jerky        |       |     1 |       |     1 |     2 |     4 ||     8
       Meat ration       |       |       |     1 |       |       |     1 ||     2
       Fruit             |       |       |       |       |       |     1 ||     1
